 Dungeon Crawl Stone Soup version 0.31-a0-1009-g454b1f1e0a (webtiles) character file.

Game seed: 5910180351351622487

55243 Queen the Zephyrmancer (level 14, 0/93 HPs)
             Began as a Green Draconian Air Elementalist on Nov 14, 2023.
             Was an Elder of Vehumet.
             Slain by a skeletal warrior
             ... wielding a +0 mace
              (16 damage)
             ... on level 12 of the Dungeon.
             The game lasted 01:58:21 (36388 turns).

Queen the Zephyrmancer (DrAE)                      Turns: 36388, Time: 01:58:21

Health: 0/93       AC: 15    Str: 11    XL:     14   Next: 37%
Magic:  12/29      EV: 16    Int: 27    God:    Vehumet [****..]
Gold:   814        SH:  0    Dex: 11    Spells: 18/36 levels left

rFire   . . .        T - staff of poison
rCold   . . .        G - orb {*channel}
rNeg    . . .        (body armour unavailable)
rPois   +            (helmet restricted)
rElec   .            (no cloak)
rCorr   .            f - +1 pair of gloves
SInv    .            V - +0 pair of boots
Will    ++...        M - amulet of regeneration
Stlth   ++++++       K - +6 ring of intelligence
HPRegen 1.15/turn    u - ring of Wyduhetu {*Slow rPois Will+ AC+4 Stlth+}
MPRegen 0.21/turn

%: slow self (1%), channel magic (20%)
@: swift, slowed
A: breathe noxious fumes, AC +8, unfitting armour, stinger 1, poison resistance,
cold-blooded
a: Breathe Noxious Fumes, Renounce Religion


You were on level 12 of the Dungeon.
You worshipped Vehumet.
Vehumet was greatly pleased with you.
You visited 3 branches of the dungeon, and saw 19 of its levels.
You also visited: Sewer.

You collected 1070 gold pieces.
You spent 256 gold pieces at shops.

Inventory:

Hand Weapons
 a - a +2 dagger of flaming
 b - a +3 dagger
 O - a +2 scimitar of flaming
Missiles
 i - 7 throwing nets
Armour
 f - a +1 pair of gloves (worn)
 G - an orb of energy (worn)
 V - a +0 pair of boots (worn)
Magical Staves
 T - a staff of poison (weapon)
Jewellery
 o - a +5 ring of evasion
 r - a ring of resist corrosion
 u - the ring of Wyduhetu (right hand) {*Slow rPois Will+ AC+4 Stlth+}
   (You found it on level 3 of the Dungeon)

   [ring of protection]

   AC+4:      It affects your AC (+4).
   rPois:     It protects you from poison Will+: It increases your willpower.
   *Slow:     It may slow you when you take damage.
   Stlth+:    It makes you more stealthy.
 H - a ring of protection from cold
 K - a +6 ring of intelligence (left hand)
 M - an amulet of regeneration (around neck)
 Q - a +4 ring of protection
 U - a ring of wizardry
 W - a ring of ice
 Y - an amulet of faith
Wands
 k - a wand of polymorph (6)
 s - a wand of paralysis (11)
 y - a wand of flame (27)
 I - a wand of iceblast (4)
Scrolls
 e - 5 scrolls of vulnerability
 g - 2 scrolls of butterflies
 h - 5 scrolls of enchant weapon
 n - 4 scrolls of fog
 t - 2 scrolls of revelation
 v - 5 scrolls of noise
 x - 3 scrolls of amnesia {unknown}
 C - 5 scrolls of enchant armour
 D - 5 scrolls of acquirement {unknown}
 E - 2 scrolls of blinking
 F - 3 scrolls of teleportation
 J - 5 scrolls of immolation {unknown}
 L - 2 scrolls of poison
 P - 3 scrolls of fear
 R - a scroll of brand weapon {unknown}
 S - a scroll of torment {unknown}
 X - a scroll of identify {@r1}
Potions
 c - 3 potions of magic
 d - 3 potions of mutation
 j - 8 potions of curing
 l - 7 potions of heal wounds
 m - 6 potions of enlightenment
 p - a potion of resistance
 q - 6 potions of brilliance
 w - a potion of berserk rage
 z - 2 potions of lignification
 A - 2 potions of attraction
 B - 4 potions of might
 N - 3 potions of haste


   Skills:
 * Level 2.9 Staves
 + Level 11.5 Dodging
 + Level 12.4 Stealth
 + Level 11.5 Spellcasting
 * Level 5.8 Conjurations
 + Level 12.7 Air Magic
 + Level 3.9 Poison Magic
 * Level 2.7 Evocations


You had 18 spell levels left.
You knew the following spells:

 Your Spells              Type           Power      Damage    Failure   Level
a - Shock                 Conj/Air       100%       1d9       1%          1
b - Static Discharge      Conj/Air       100%       3-8/arc   1%          2
c - Poisonous Vapours     Pois/Air       100%       N/A       1%          2
d - Airstrike             Air            35%        2d(6-22)  1%          4
e - Swiftness             Air            71%        N/A       1%          3
f - Conjure Ball Lightni  Conj/Air       30%        3x3d10    9%          6

Your spell library contained the following spells:

 Spells                   Type           Power      Damage    Failure   Level
 Irradiate                Conj/Tmut      15%        3d16      16%         5
 Kiss of Death            Conj/Necr      100%       2d13      1%          1
 Magic Dart               Conj           100%       1d8       1%          1
 Searing Ray              Conj           94%        2d7       1%          2
 Scorch                   Fire           30%        2d6       4%          2
 Inner Flame              Hex/Fire       15%        N/A       7%          3
 Flame Wave               Conj/Fire      31%        2d9       7%          4
 Fulminant Prism          Conj/Hex       15%        3d10      7%          4
 Apportation              Tloc           30%        N/A       12%         1
 Necrotise                Necr           60%        1d7       12%         1
 Slow                     Hex            60%        N/A       12%         1
 Summon Small Mammal      Summ           60%        N/A       12%         1
 Jinxbite                 Hex            30%        N/A       16%         2
 Call Canine Familiar     Summ           15%        N/A       26%         3
 Confusing Touch          Hex            15%        N/A       26%         3
 Ozocubu's Armour         Ice            15%        N/A       26%         3
 Sigil of Binding         Hex            15%        N/A       26%         3
 Summon Guardian Golem    Hex/Summ       15%        N/A       26%         3
 Tukima's Dance           Hex            15%        N/A       26%         3
 Vampiric Draining        Necr           15%        2d7       26%         3
 Yara's Violent Unravell  Hex/Tmut       7%         3d5       41%         5
 Anguish                  Hex/Necr       7%         N/A       58%         4
 Cause Fear               Hex            7%         N/A       58%         4
 Dimensional Bullseye     Hex/Tloc       7%         N/A       58%         4
 Dispel Undead            Necr           15%        3d10      58%         4
 Leda's Liquefaction      Hex/Erth       7%         N/A       58%         4
 Manifold Assault         Tloc           15%        N/A       58%         4
 Passage of Golubria      Tloc           15%        N/A       58%         4
 Alistair's Intoxication  Tmut/Pois      26%        N/A       63%         5
 Eringya's Noxious Bog    Tmut/Pois      19%        4d6       65%         6
 Agony                    Necr           15%        N/A       87%         5
 Borgnjor's Vile Clutch   Necr/Erth      7%         N/A       87%         5
 Dispersal                Tloc           7%         N/A       100%        6
 Summon Cactus Giant      Summ           7%         N/A       100%        6
 Enfeeble                 Hex            7%         N/A       100%        7
 Ozocubu's Refrigeration  Ice            7%         4d9       100%        7
 Disjunction              Tloc           7%         N/A       100%        8


Dungeon Overview and Level Annotations

Branches:
Dungeon (13/15)            Temple (1/1) D:7            Lair (5/5) D:8
  Swamp (0/4) Lair:2       Spider (0/4) Lair:3        Slime (0/5) Lair:5
    Orc (0/2) D:10          Sewer (visited)
 Vaults: D:13-14

Altars:
Ashenzari
Cheibriados
Dithmenos
Elyvilon
Fedhas
Gozag
Hepliaklqana
Kikubaaqudgha
Makhleb
Nemelex Xobeh
Okawaru
Qazlal
Ru
Sif Muna
Trog
Uskayaw
Vehumet
Wu Jian
Xom
Yredelemnul
Zin
The Shining One

Shops:
D:3 [   D:8 [

Portals:
Abyss: Lair:1

Annotations:
D:4 exclusion: downstairs
D:5 exclusion: downstairs
D:6 exclusion: downstairs
D:7 exclusion: downstairs
D:8 1 runed translucent door, Shinnjin's ghost, novice HOFi
Lair:1 2 transporters, chuckiee3's ghost, novice MiFi
Lair:2 exclusions: downstairs, eleionoma and oklob plant
Lair:3 exclusion: 3 downstairs
Lair:4 exclusion: downstairs
Lair:5 2 exclusions


Innate Abilities, Weirdness & Mutations

You can breathe blasts of noxious fumes.
Your lurid green scales are hard. (AC +8)
You cannot fit into any form of body armour.
Your tail ends in a venomous barb.
Your system is resistant to poisons. (rPois)
You are cold-blooded and may be slowed by cold attacks.


Message History

Aiming: Shock (safe; 1% risk of failure)
Press: ? - help, Shift-Dir - straight line, f/p - skeletal warrior
Aim: a skeletal warrior, wielding a +0 halberd (lightly damaged, 74% to hit)
The zap hits the skeletal warrior.
The skeletal warrior is moderately damaged.
The zap hits the skeletal warrior but does no damage.
The skeletal warrior is moderately damaged.
The zap misses the skeletal warrior.
The skeletal warrior hits you from afar with a +0 halberd!
The skeletal warrior hits you from afar with a +0 halberd.
You feel yourself slow down.
The skeletal warrior hits you with a +0 mace!
You climb upwards.
There is a stone staircase leading down here.
Casting: Shock (safe; 1% risk of failure)
Confirm with . or Enter, or press ? or * to list all spells.
The skeletal warrior is struck by an arc of lightning.
The skeletal warrior is lightly damaged.
You are struck by an arc of lightning.
The skeletal warrior is struck by an arc of lightning.
The skeletal warrior is lightly damaged.
You are struck by an arc of lightning.
The skeletal warrior is struck by an arc of lightning.
The skeletal warrior is moderately damaged.
The lightning grounds out.
The skeletal warrior hits you with a +0 mace!!
The skeletal warrior barely misses you.
Casting: Static Discharge (safe; 1% risk of failure)
Confirm with . or Enter, or press ? or * to list all spells.
The skeletal warrior is struck by an arc of lightning.
The skeletal warrior is moderately damaged.
You are struck by an arc of lightning.
The skeletal warrior hits you but does no damage.
Casting: Static Discharge (safe; 1% risk of failure)
Confirm with . or Enter, or press ? or * to list all spells.
You feel quick.
The skeletal warrior hits you with a +0 mace!!
* * * LOW HITPOINT WARNING * * *
The skeletal warrior hits you with a +0 mace!
You die...

##########
###############..z.....#
................@#####.#
##########.####..# #.#
##.........# #..# #.#
#..######### #..# #.#
..## #..# #.#
.##############..#####.#
....................[..#
########################
#


You could see a skeletal warrior.

Vanquished Creatures
  Rupert (Lair:4)
  Josephine (Lair:4)
  5 hydras
  Erica (D:8)
  3 catoblepae
  2 boulder beetles
  8 two-headed ogres
  9 death yaks
  A deep troll shaman (Lair:5)
  2 skysharks
  A lindwurm (Lair:5)
  Pikel (D:5)
  A manticore (D:12)
  2 cyclopes
  7 elephants
  2 black mambas
  9 cane toads
  Jeremiah (D:6)
  An unseen horror (D:12)
  7 komodo dragons
  A kobold demonologist (D:9)
  An efreet (D:13)
  3 trolls
  4 polar bears
  Grinder (D:6)
  12 blink frogs
  3 hornets
  5 dream sheep (Lair:4)
  2 slime creatures (Lair:5)
  Sigmund (D:6)
  5 wraiths
  A shadow (D:13)
  40 yaks
  2 basilisks
  4 hogs (D:12)
  A golden eye (shapeshifter) (D:12)
  Grum (D:5)
  6 vampire mosquitoes (D:12)
  4 redbacks (Lair:3)
  2 acid dragons
  12 water moccasins
  Duvessa (D:5)
  6 orc warriors
  A sky beast (D:5)
  8 black bears
  4 centaurs
  26 wolves
  An ogre (D:6)
  2 lemures (D:5)
  A kobold brigand (D:10)
  4 phantoms
  9 bullfrogs
  3 scorpions
  5 gnoll sergeants
  Dowan (D:5)
  5 wights (D:8)
  7 killer bees
  4 electric eels
  5 howler monkeys
  5 hounds (D:5)
  3 jellies (Lair:5)
  8 orc priests
  2 gnoll boudas (D:5)
  4 iguanas
  Terence (D:3)
  17 orc wizards
  2 sleepcaps
  27 gnolls
  11 adders
  A white imp (D:8)
  A worm (D:5)
  2 dart slugs
  68 orcs
  10 endoplasms
  8 giant cockroaches
  6 hobgoblins
  11 jackals
  18 kobolds
  A quokka (D:4)
  4 ball pythons
  8 bats
  8 frilled lizards
  8 goblins
  5 rats
508 creatures vanquished.

Vanquished Creatures (collateral kills)
  2 ball lightnings (D:9)
2 creatures vanquished.

Vanquished Creatures (others)
  Kirke (D:12)
  30 ball lightnings
31 creatures vanquished.

Grand Total: 541 creatures vanquished

Notes
Turn   | Place    | Note
-------+----------+-------------------------------------------
     0 | D:1      | Queen the Draconian Air Elementalist began the quest for
                  | the Orb.
     0 | D:1      | Reached XP level 1. HP: 14/14 MP: 3/3
   273 | D:1      | Reached XP level 2. HP: 20/20 MP: 1/5
   873 | D:1      | Learned a level 2 spell: Static Discharge
  1262 | D:2      | Reached XP level 3. HP: 26/26 MP: 3/6
  1588 | D:2      | Reached XP level 4. HP: 33/33 MP: 2/7
  3098 | D:3      | Learned a level 3 spell: Swiftness
  3156 | D:3      | Found a faded altar of an unknown god.
  3269 | D:3      | Found a glowing drain.
  3280 | Sewer    | Entered a sewer
  3442 | Sewer    | Noticed a water moccasin
  3455 | Sewer    | Killed a water moccasin
  3456 | Sewer    | Reached XP level 5. HP: 12/38 MP: 4/9
  3710 | D:3      | Noticed Terence
  3943 | D:3      | Found Vasapsil's Antique Armour Shop.
  3958 | D:3      | Identified the ring of Wyduhetu {*Slow rPois Will+ AC+4
                  | Stlth+}
  4069 | D:3      | Killed Terence
  4168 | D:3      | Reached XP level 6. HP: 45/45 MP: 3/10
  4650 | D:3      | Found a faded altar of an unknown god.
  4874 | D:3      | Found Vasapsil's Antique Armour Shop.
  5182 | D:4      | Learned a level 4 spell: Airstrike
  6683 | D:5      | Entered Level 5 of the Dungeon
  6692 | D:5      | Noticed Dowan
  6702 | D:5      | Noticed a water moccasin
  6719 | D:5      | Killed a water moccasin
  6720 | D:5      | Your scales start taking on a lurid green colour.
  6720 | D:5      | Reached XP level 7. HP: 48/50 MP: 5/12
  6720 | D:5      | Gained mutation: Your system is resistant to poisons.
                  | (rPois) [Green Draconian growth]
  6787 | D:5      | Noticed Duvessa
  7232 | D:5      | Reached skill level 5 in Air Magic
  7384 | D:5      | Reached XP level 8. HP: 50/57 MP: 9/14
  7425 | D:5      | Noticed Pikel
  7472 | D:5      | Killed Pikel
  7473 | D:5      | Reached skill level 5 in Stealth
  7473 | D:5      | Reached skill level 5 in Spellcasting
  7712 | D:5      | Reached skill level 5 in Dodging
  8371 | D:5      | Killed Duvessa
  8372 | D:5      | Reached XP level 9. HP: 62/62 MP: 9/17
  8394 | D:5      | Killed Dowan
  8499 | D:5      | Noticed Grum
  8513 | D:5      | Killed Grum
  9309 | D:6      | Noticed Jeremiah
  9388 | D:6      | Killed Jeremiah
  9724 | D:6      | Found a radiant altar of Vehumet.
  9730 | D:6      | Became a worshipper of Vehumet
  9764 | D:6      | Noticed Grinder
  9776 | D:6      | Killed Grinder
 10279 | D:6      | Noticed Sigmund
 10282 | D:6      | Killed Sigmund
 11401 | D:7      | Identified the +11 whip of the Fray {drain, rF- Dex+6}
 11421 | D:7      | Reached XP level 10. HP: 27/69 MP: 7/20
 11586 | D:7      | Reached * piety under Vehumet
 11586 | D:7      | Offered knowledge of Kiss of Death by Vehumet.
 12129 | D:7      | Found an ancient bone altar of Kikubaaqudgha.
 12130 | D:7      | Found a shadowy altar of Dithmenos.
 12130 | D:7      | Found a shimmering blue altar of Sif Muna.
 12131 | D:7      | Found a sparkling altar of Nemelex Xobeh.
 12286 | D:7      | Found a staircase to the Ecumenical Temple.
 12389 | Temple   | Entered the Ecumenical Temple
 12431 | D:8      | Found Gemaat's Antique Armour Boutique.
 12733 | D:8      | Found a runed translucent door.
 12736 | D:8      | Noticed Shinnjin's ghost (novice HOFi)
 12763 | D:8      | Noticed a two-headed ogre
 12769 | D:8      | Killed a two-headed ogre
 12770 | D:8      | Noticed Erica
 12833 | D:8      | Offered knowledge of Searing Ray by Vehumet.
 12935 | D:8      | Reached ** piety under Vehumet
 13178 | D:8      | Found a stormy altar of Qazlal.
 13212 | D:8      | Killed Erica
 13494 | D:8      | Found a stormy altar of Qazlal.
 13556 | D:8      | Found a staircase to the Lair.
 13712 | D:8      | Found Gemaat's Antique Armour Boutique.
 13727 | D:8      | Found a runed translucent door.
 14000 | D:8      | Found Gemaat's Antique Armour Boutique.
 14116 | D:8      | Found a stormy altar of Qazlal.
 14170 | D:8      | Found a staircase to the Lair.
 14489 | Lair:1   | Entered Level 1 of the Lair of Beasts
 14655 | Lair:1   | Noticed an eight-headed hydra
 14659 | Lair:1   | Killed an eight-headed hydra
 14660 | Lair:1   | Reached XP level 11. HP: 74/74 MP: 7/23
 14762 | Lair:1   | Offered knowledge of Poisonous Vapours by Vehumet.
 14872 | D:8      | Learned a level 2 spell: Poisonous Vapours
 15005 | Lair:1   | Found a transporter.
 15008 | Lair:1   | Found a one-way gate to the infinite horrors of the Abyss.
 15008 | Lair:1   | Noticed chuckiee3's ghost (novice MiFi)
 15008 | Lair:1   | Noticed an entropy weaver
 15009 | Lair:1   | Noticed a spriggan rider
 15011 | Lair:1   | Noticed a purple ugly thing
 15015 | Lair:1   | Noticed a brown ugly thing
 15106 | Lair:1   | Paralysed by a hornet for 1 turns
 15418 | Lair:1   | Noticed a thrashing horror
 15653 | Lair:1   | Found a transporter.
 16219 | Lair:1   | Found a transporter.
 16294 | Lair:1   | Found a one-way gate to the infinite horrors of the Abyss.
 16298 | Lair:1   | Found a transporter.
 16337 | Lair:1   | Noticed a steelbarb worm
 16444 | Lair:1   | a moth of wrath changed into an orb spider
 16444 | Lair:1   | Noticed an orb spider (shapeshifter)
 16540 | Lair:1   | an orb spider changed into a wolf spider
 16540 | Lair:1   | Noticed a wolf spider (shapeshifter)
 16610 | Lair:2   | Reached skill level 1 in Poison Magic
 16940 | Lair:2   | Noticed an oklob plant
 17014 | Lair:2   | Found a staircase to the Swamp.
 17014 | Lair:2   | Noticed an eleionoma
 17950 | Lair:3   | Found a hole to the Spider Nest.
 17954 | Lair:3   | Reached *** piety under Vehumet
 18076 | Lair:3   | Reached skill level 10 in Air Magic
 18327 | Lair:3   | Noticed a seven-headed hydra
 18355 | Lair:3   | HP: 3/74 [cane toad (19)]
 18451 | Lair:3   | Offered knowledge of Hailstorm by Vehumet.
 18684 | Lair:3   | Reached XP level 12. HP: 25/81 MP: 11/25
 18794 | Lair:3   | Reached skill level 10 in Stealth
 18822 | Lair:3   | Killed a seven-headed hydra
 19529 | Lair:3   | Found a hole to the Spider Nest.
 20175 | Lair:4   | Reached **** piety under Vehumet
 20215 | Lair:4   | Noticed Rupert
 20379 | Lair:4   | Noticed a four-headed hydra
 20384 | Lair:4   | Noticed a catoblepas
 20517 | Lair:4   | Paralysed by Rupert for 3 turns
 20661 | Lair:3   | Killed a catoblepas
 20760 | Lair:4   | Killed Rupert
 20761 | Lair:4   | Reached skill level 10 in Spellcasting
 20810 | Lair:4   | Reached skill level 10 in Dodging
 20946 | Lair:4   | Noticed a death yak
 20947 | Lair:4   | Noticed a death yak
 20949 | Lair:4   | Noticed a death yak
 20949 | Lair:4   | Noticed a death yak
 20951 | Lair:4   | Noticed a death yak
 20962 | Lair:4   | Killed a death yak
 20962 | Lair:4   | Noticed a death yak
 21097 | Lair:4   | Noticed an eight-headed hydra
 21109 | Lair:4   | Killed a four-headed hydra
 21259 | Lair:4   | Killed an eight-headed hydra
 21259 | Lair:4   | Offered knowledge of Frozen Ramparts by Vehumet.
 21309 | Lair:4   | Noticed Josephine
 21327 | Lair:4   | Killed Josephine
 21328 | Lair:4   | Reached XP level 13. HP: 22/85 MP: 18/27
 22551 | Lair:3   | Found a hole to the Spider Nest.
 23565 | Lair:5   | Entered Level 5 of the Lair of Beasts
 24384 | Lair:5   | Noticed a quicksilver ooze
 25474 | Lair:5   | Reached ***** piety under Vehumet
 25496 | Lair:5   | Found a staircase to the Slime Pits.
 25537 | Lair:5   | Offered knowledge of Conjure Ball Lightning by Vehumet.
 25599 | Lair:5   | Learned a level 6 spell: Conjure Ball Lightning
 26639 | Lair:5   | Found a staircase to the Slime Pits.
 27431 | D:8      | Found Gemaat's Antique Armour Boutique.
 27549 | D:8      | Found a stormy altar of Qazlal.
 27611 | D:8      | Found a staircase to the Lair.
 27832 | D:8      | Bought a pair of jewelled boots for 256 gold pieces
 27832 | D:8      | Identified the +2 pair of boots "Daobri" {rF- Regen+ Str+7}
                  | (You bought it in a shop on level 8 of the Dungeon)
 28178 | D:9      | Found an opulent altar of Gozag.
 28952 | D:10     | Entered Level 10 of the Dungeon
 29019 | D:10     | Found a staircase to the Orcish Mines.
 29061 | D:10     | Gained mutation: Your tail ends in a venomous barb. [Green
                  | Draconian growth]
 29061 | D:10     | Reached XP level 14. HP: 79/93 MP: 22/29
 29427 | D:10     | Reached skill level 1 in Staves
 29427 | D:10     | Reached skill level 5 in Conjurations
 29570 | D:10     | Found a blossoming altar of Fedhas.
 29571 | D:10     | Found a hide-covered altar of Uskayaw.
 29666 | D:10     | Found a glowing silver altar of Zin.
 30042 | D:10     | Found a staircase to the Orcish Mines.
 30292 | D:10     | Found a blossoming altar of Fedhas.
 30293 | D:10     | Found a hide-covered altar of Uskayaw.
 30520 | D:10     | Found a glowing silver altar of Zin.
 30697 | D:11     | Reached skill level 1 in Evocations
 32104 | D:12     | Offered knowledge of Irradiate by Vehumet.
 33489 | D:13     | Noticed Kirke
 33498 | D:12     | Noticed a sphinx
 33499 | D:12     | Noticed a sphinx
 33862 | D:12     | Killed Kirke
 36388 | D:12     | Slain by a skeletal warrior

Illustrated notes

Levels and vault maps discovered:
D:1:      dpeg_arrival_windows_large_door, layout_basic, serial_forest,
          infiniplex_forest_lined_3_way, infiniplex_forest_lined_room_,
          infiniplex_forest_straight_2, infiniplex_forest_clump_cross,
          infiniplex_forest_lined_3_way
D:2:      minmay_chambers_of_ones, layout_loops_ring, minmay_3d_cube
D:3:      layout_basic, serial_shops, nicolae_shop_back_alley_shop,
          ebering_ecumenical_altar_abandoned, portal_sewer_entry_d, uniq_terence
D:4:      layout_basic, serial_bayou_pond_d
D:5:      layout_cave_pools, serial_gnoll_camp, gnoll_camp_mini_loothouse,
          gnoll_camp_mini_basic, gnoll_camp_mini_house, gnoll_camp_medium_02,
          grums_kennel, uniq_duvessa, uniq_pikel
D:6:      layout_layer_cave, fiery_altar_vehumet, uniq_sigmund, uniq_grinder,
          uniq_jeremiah
D:7:      nicolae_cairo_tiling, layout_rooms,
          chequers_temple_overflow_statue_of_worship, temple_hall
D:8:      layout_cave_pools, kennysheep_mini_moat,
          grunt_lair_entry_orc_guard_hut, hellmonk_ghost_happy_afterlife,
          serial_shops, nicolae_shop_dealshenge, kennysheep_generic_room_15,
          uniq_erica
D:9:      layout_gridville, mainiacjoe_overflow_cross_hatched
D:10:     layout_roguey, lemuel_round_altar, gammafunk_temple_overflow_statue,
          hiddenorc2_lemuel, serial_glass, glass_columns_a, glass_columns_c,
          kb_lookout_dungeons_type
D:11:     layout_gridville
D:12:     layout_basic
D:13:     layout_cave_pods, lightli_vaults_fourway_checkpoint, serial_shops,
          nicolae_take_the_stairs, guppyfry_shop_blood, uniq_kirke
Temple:   nicolae_temple_ecumenical_triangle
Lair:1:   layout_cave_pods, lightli_volcano_entry_magma_tube,
          gammafunk_ghost_abyssal_escape
Lair:2:   layout_gridlike, alex1729_swamp_entry_worm_eleionoma
Lair:3:   layout_regular_city, spider_nest_entry_a, serial_bayou_shore_a
Lair:4:   layout_misc_corridors, uniq_rupert, uniq_josephine
Lair:5:   grunt_lair_end_beastmaster, layout_regular_city,
          dpeg_slime_entry_corner, nicolae_lair_time_for_slime,
          infiniplex_staircase_pool

Skill      XL: |  1  2  3  4  5  6  7  8  9 10 11 12 13 14 |
---------------+-------------------------------------------+-----
Stealth        | 2 3 4 5 7 8 9 11 12 | 12.4
Dodging        | 2 3 4 5 6 8 9 10 11 | 11.5
Conjurations   | 2 3 4 5 |  5.8
Spellcasting   | 3 4 5 6 8 9 10 11 | 11.5
Air Magic      | 4 5 6 7 9 10 11 12 | 12.7
Poison Magic   | 2 3 |  3.9
Staves         | 2 |  2.9
Evocations     | 2 |  2.7

Action                     |  1- 3 |  4- 6 |  7- 9 | 10-12 | 13-15 || total
---------------------------+-------+-------+-------+-------+-------++-------
  Melee: Unarmed           |    15 |       |       |       |       ||    15
         Hand axe          |     5 |       |       |       |       ||     5
         Short sword       |    20 |       |       |       |       ||    20
         Tailslap          |     4 |       |    22 |    11 |    91 ||   128
         Dagger            |     2 |    12 |   120 |    87 |    89 ||   310
         Punch             |     1 |       |     1 |       |       ||     2
         Staff             |       |       |       |       |   183 ||   183
  Throw: Throwing net      |       |       |       |       |     2 ||     2
   Cast: Shock             |    60 |    97 |   138 |   262 |   149 ||   706
         Static Discharge  |       |    24 |    60 |   135 |    56 ||   275
         Airstrike         |       |       |    31 |   141 |   169 ||   341
         Swiftness         |       |       |       |     4 |     5 ||     9
         Poisonous Vapours |       |       |       |    13 |   153 ||   166
         Conjure Ball Ligh |       |       |       |       |    12 ||    12
Ability: Breathe Noxious F |       |       |    19 |    19 |    19 ||    57
    Use: Potion            |       |     1 |       |     3 |       ||     4
         Scroll            |       |     5 |     8 |    12 |     3 ||    28
   Stab: Confused          |       |       |     5 |     4 |     2 ||    11
         Distracted        |       |       |     1 |       |       ||     1
         Sleeping          |       |       |       |     4 |       ||     4
 Armour: Skin              |    28 |    47 |   140 |   399 |   308 ||   922
  Dodge: Dodged            |    49 |    34 |   176 |   249 |   200 ||   708

Table legend: (Time is in decaauts)
 A = Elapsed time spent in this place.
 B = Non-inter-level travel time spent in this place.
 C = Inter-level travel time spent in this place.
 D = Time resting spent in this place.
 E = Time spent auto-exploring this place.
 F = Levels seen in this place.
 G = Mean time per level.
                   A        B        C        D        E       F      G
               +--------+--------+--------+--------+--------+-----+--------+
         Total |  36576 |  35351 |   1225 |   7859 |  22863 |  20 | 1828.8 |
       Dungeon |  23317 |  22513 |    804 |   4442 |  15237 |  13 | 1793.6 |
        Temple |      1 |      1 |      0 |      0 |      0 |   1 |    1.0 |
          Lair |  12913 |  12493 |    420 |   3225 |   7541 |   5 | 2582.6 |
         Sewer |    343 |    343 |      0 |    192 |     85 |   1 |  343.0 |
               +--------+--------+--------+--------+--------+-----+--------+

Top non-repeatable levels by time:
    D:12: 4547 daAuts
  Lair:3: 4011 daAuts
  Lair:5: 3560 daAuts
     D:8: 2460 daAuts
     D:5: 2286 daAuts
     D:6: 2261 daAuts
  Lair:1: 2112 daAuts
     D:4: 1974 daAuts
     D:3: 1887 daAuts
     D:2: 1778 daAuts
  Lair:4: 1731 daAuts
    D:10: 1626 daAuts
  Lair:2: 1497 daAuts
     D:1: 1213 daAuts
    D:11: 1115 daAuts
